 Dungeon Crawl Stone Soup version 0.30-a0-161-gdd60e06945 (webtiles) character file.

Game seed: 10487968036601193915

72137 qw the Severer (level 15, -8/96 HPs)
             Began as a Gargoyle Fighter on Sept 27, 2022.
             Was a High Priest of Okawaru.
             Killed from afar by a rakshasa (17 damage)
             ... with a lance of force
             ... on level 13 of the Dungeon.
             The game lasted 00:07:38 (20455 turns).

qw the Severer (Gargoyle Fighter)                  Turns: 20455, Time: 00:07:38

Health: -8/96      AC: 42    Str: 27    XL:     15   Next: 39%
Magic:  21/22      EV: 15    Int:  6    God:    Okawaru [*****.]
Gold:   972        SH:  7    Dex: 11    Spells: 14/14 levels left

rFire   . . .      SeeInvis +    z - +1 broad axe (freeze)
rCold   + + .      Faith    .    c - +0 buckler
rNeg    + . .      Spirit   .    w - +6 chain mail of Iza Vepn {rPois rC++ Int-3 Dex+2}
rPois   inf        Reflect  .    m - +2 helmet
rElec   +          Harm     .    v - +2 cloak
rCorr   .          Rampage  .    o - +2 pair of gloves
Will    +....                    (no boots)
Stlth   ..........               (no amulet)
HPRegen 0.26/turn                i - ring of see invisible
MPRegen 0.18/turn                q - +4 ring of evasion

@: about to teleport, heroic, flying
A: sickness immunity, AC +11, big wings, negative energy resistance 1,
electricity resistance, torment resistance 1, petrification resistance
a: Renounce Religion, Heroism, Finesse, Duel


You were on level 13 of the Dungeon.
You worshipped Okawaru.
Okawaru was extremely pleased with you.
You visited 3 branches of the dungeon, and saw 19 of its levels.
You also visited: Sewer.

You collected 1568 gold pieces.
You spent 596 gold pieces at shops.


Innate Abilities, Weirdness & Mutations

You are immune to sickness and miasma.
Your stone body is resilient. (AC +11)
You are immune to poison.
Your large and strong wings let you fly.
You resist negative energy. (rN+)
You are resistant to electric shocks. (rElec)
You are resistant to unholy torment.
You are immune to petrification.


   Skills:
 - Level 12.1(17.1) Fighting
 + Level 16.8(21.8) Axes
 - Level 7.0(12.0) Throwing
 - Level 11.0(16.0) Armour
 - Level 3.0(8.0) Dodging
 - Level 8.0(13.0) Shields
 - Level 10.0 Invocations


You had 14 spell levels left.
You didn't know any spells.
Your spell library was empty.

Inventory:

Hand Weapons
 l - a +0 morningstar
 z - a +1 broad axe of freezing (weapon)
Missiles
 b - 5 boomerangs
 r - 2 silver javelins (quivered)
 u - 3 javelins
Armour
 c - a +0 buckler (worn)
 m - a +2 helmet (worn)
 o - a +2 pair of gloves (worn)
 t - the +1 chain mail of Death's Door {+Inv rN+ rCorr}
   (Okawaru gifted it to you on level 10 of the Dungeon)

   rN:        It protects you from negative energy.
   +Inv:      It lets you turn invisible.
   rCorr:     It protects you from acid and corrosion.
 v - a +2 cloak (worn)
 w - the +6 chain mail of Iza Vepn (worn) {rPois rC++ Int-3 Dex+2}
   (Okawaru gifted it to you on level 12 of the Dungeon)

   Int:       It affects your intelligence (-3).
   Dex:       It affects your dexterity (+2).
   rC:        It greatly protects you from cold.
   rPois:     It protects you from poison.
Jewellery
 e - a ring of fire
 i - a ring of see invisible (left hand)
 q - a +4 ring of evasion (right hand)
 Y - a +6 ring of strength
Scrolls
 a - 16 scrolls of identify
 y - 4 scrolls of teleportation
Potions
 d - 5 potions of might
 f - a potion of mutation
 h - 2 potions of resistance
 j - 3 potions of heal wounds
 k - 3 potions of attraction
 n - 5 potions of lignification
 p - 3 potions of cancellation
 s - 5 potions of haste
 A - 2 potions of curing

Dungeon Overview and Level Annotations

Branches:
Dungeon (13/15)            Temple (1/1) D:4            Lair (5/5) D:10
  Swamp (0/4) Lair:2        Snake (0/4) Lair:3        Slime (0/5) Lair:4
    Orc (0/2) D:12          Sewer (visited)
 Vaults: D:13-14

Altars:
Ashenzari
Cheibriados
Dithmenos
Elyvilon
Fedhas
Gozag
Hepliaklqana
Kikubaaqudgha
Makhleb
Nemelex Xobeh
Okawaru
Qazlal
Ru
Sif Muna
Trog
Uskayaw
Vehumet
Wu Jian
Xom
Yredelemnul
Zin
The Shining One
Jiyva

Shops:
D:1 [   D:5 *   D:7 :?=(   D:12 *

Portals:
Trove: D:10 (give 6 scrolls of fog)

Annotations:
D:3 1 runed translucent door, qw's ghost, amateur GrFi
D:9 3 runed translucent doors, qw's ghost, novice GrFi


Message History

You hit the rakshasa but do no damage. You hit the rakshasa.
You freeze the rakshasa.
The rakshasa is almost dead.
You hit the rakshasa but do no damage.
The rakshasa hits you with a +0 long sword!
The rakshasa gestures at you. The lance of force hits you.
You are knocked back by the lance of force.
You slam into the stone wall!
20448 ||| INVOKING Heroism.
You gain the combat prowess of a mighty hero.
The rakshasa blinks!
The rakshasa hits you but does no damage.
You closely miss the rakshasa.
The rakshasa is severely wounded.
The rakshasa closely misses you.
You closely miss the rakshasa.
The rakshasa is severely wounded.
The rakshasa hits you with a +0 long sword!
You hit the rakshasa. You freeze the rakshasa.
The rakshasa is severely wounded.
You slice the rakshasa!! You freeze the rakshasa.
You kill the rakshasa!
The rakshasa shimmers and vanishes!
You barely miss the rakshasa.
The rakshasa is severely wounded.
The rakshasa gestures at you. The lance of force hits you!
You are knocked back by the lance of force.
You slam into the stone wall!
The rakshasa gestures at you. The lance of force hits you!!
You are knocked back by the lance of force.
You slam into the stone wall!
20455 ||| READING 5 scrolls of teleportation.
As you read the scroll of teleportation, it crumbles to dust.
You feel strangely unstable. The rakshasa gestures at you.
The lance of force hits you!
You die...

##### ....#
....# ....#
....# ...#
######...##
#....@....#
#.........#
#....R....#
#...<.....#
+.........#
#..........#
#............
##).##.......
#.. .......


You could see a rakshasa.

Vanquished Creatures
  4 dire elephants (Lair:5)
  Josephine (D:10)
  3 hydras
  A centaur warrior (D:10)
  3 two-headed ogres
  Erica (D:8)
  A catoblepas (Lair:5)
  14 death yaks
  Nergalle (D:11)
  A spectral anaconda (Lair:5)
  A lindwurm (Lair:4)
  An obsidian statue (Lair:5)
  4 necromancers (Lair:5)
  An ugly thing (D:11)
  2 manticores (D:11)
  2 cyclopes (D:12)
  40 elephants
  A dire elephant zombie (Lair:5)
  14 cane toads
  2 torpor snails
  Joseph (D:8)
  2 unseen horrors (D:11)
  3 rime drakes
  A dire elephant skeleton (Lair:5)
  4 komodo dragons
  A kobold demonologist (D:8)
  A tyrant leech (Lair:1)
  2 trolls
  A polar bear (Lair:3)
  10 blink frogs (Lair:1)
  5 slime creatures
  4 spectral elephants (Lair:5)
  6 dream sheep (Lair:5)
  A centaur simulacrum (D:11)
  A shadow (D:10)
  A vampire (D:11)
  6 wraiths
  A wyvern (Lair:5)
  6 basilisks
  78 yaks
  Grum (D:8)
  2 death yak simulacra (Lair:5)
  A steam dragon (D:8)
  8 vampire mosquitoes (D:12)
  An acid dragon (D:8)
  2 swamp worms (Lair:1)
  4 nagas (Lair:3)
  2 spectral cane toads (Lair:5)
  9 water moccasins
  5 orc warriors
  A swamp drake (D:12)
  An elephant zombie (Lair:5)
  2 sky beasts
  A black bear (Lair:4)
  An ogre (D:4)
  6 wolves
  An elephant skeleton (Lair:5)
  A phantom (D:6)
  A kobold brigand (Sewer)
  14 bullfrogs
  2 gnoll sergeants
  3 scorpions
  4 necrophages
  3 wights (D:8)
  2 elephant simulacra (Lair:5)
  13 killer bees
  8 electric eels
  8 howler monkeys
  A lava snake (Lair:4)
  10 hounds
  8 orc priests
  3 jellies
  3 gnoll boudas
  10 orc wizards
  34 gnolls
  6 adders
  A river rat (Sewer)
  A shadow imp (D:6)
  3 white imps
  An ufetubus (D:7)
  4 worms
  3 dart slugs
  28 orcs
  9 endoplasms
  7 giant cockroaches
  10 goblins
  4 hobgoblins
  12 kobolds
  7 quokkas
  5 ball pythons
  5 bats
  2 frilled lizards
  9 rats
526 creatures vanquished.

Vanquished Creatures (others)
  19 fungi
  29 plants
  17 withered plants (Lair:5)
65 creatures vanquished.

Grand Total: 591 creatures vanquished

Notes
Turn   | Place    | Note
-------+----------+-------------------------------------------
     0 | D:1      | qw the Gargoyle Fighter began the quest for the Orb.
     0 | D:1      | Reached XP level 1. HP: 14/14 MP: 1/1
     0 | D:1      | 0 ||| qw: Version: 0.2-a-10-g37ed214
     0 | D:1      | 0 ||| qw: Game counter: 622
     0 | D:1      | 0 ||| qw: Always use a shield: true
     0 | D:1      | 0 ||| qw: God list: Okawaru
     0 | D:1      | 0 ||| qw: Allow faded altars: false
     0 | D:1      | 0 ||| qw: Do Orc after D:15 true
     0 | D:1      | 0 ||| qw: Do second Lair branch before Depths: true
     0 | D:1      | 0 ||| qw: Lair rune preference: random
     0 | D:1      | 0 ||| qw: Plans: Normal, Zot:1-4, God:TSO, Crypt, Tomb,
                  | Pan, Slime:5, Hells, Abyss, Orb
     0 | D:1      | 0 ||| PLANNING D:1-11
    54 | D:1      | Reached skill level 2 in Axes
   292 | D:1      | Reached XP level 2. HP: 19/19 MP: 2/2
   381 | D:1      | Reached skill level 3 in Axes
   542 | D:1      | Reached XP level 3. HP: 19/23 MP: 3/3
   853 | D:1      | You fall into a shaft and drop 1 floor!
   861 | D:2      | 861 ||| UPGRADING to ring of willpower.
   862 | D:2      | 862 ||| READING scroll labelled XYUGA HAELIBAE.
   863 | D:2      | 863 ||| READING scroll labelled HOL POMAGGENO.
   864 | D:2      | 864 ||| READING scroll labelled CONIES POUST.
   865 | D:2      | 865 ||| READING scroll labelled EDOTHUUFUZ.
   866 | D:2      | 866 ||| DRINKING 2 sapphire potions.
   867 | D:2      | 867 ||| DROPPING potion of brilliance.
   873 | D:2      | 873 ||| STAIRDANCE
   891 | D:1      | 891 ||| Stepping ~*~*~tactically~*~*~ (stealth).
   908 | D:1      | Found Iguomyis's Antique Armour Boutique.
   928 | D:1      | 928 ||| SHOPLISTING glowing chain mail (142 gold, have 26).
  1134 | D:1      | 1134 ||| READING scroll labelled ETOIF APTAN.
  1450 | D:2      | 1450 ||| Stepping ~*~*~tactically~*~*~ (stealth).
  1497 | D:2      | 1497 ||| Stepping ~*~*~tactically~*~*~ (stealth).
  1498 | D:2      | 1498 ||| Stepping ~*~*~tactically~*~*~ (stealth).
  1499 | D:2      | 1499 ||| Stepping ~*~*~tactically~*~*~ (stealth).
  1501 | D:2      | 1501 ||| Stepping ~*~*~tactically~*~*~ (stealth).
  1508 | D:2      | Reached XP level 4. HP: 23/28 MP: 4/4
  1514 | D:2      | 1514 ||| Stepping ~*~*~tactically~*~*~ (stealth).
  1757 | D:2      | Reached skill level 4 in Axes
  1874 | D:2      | 1874 ||| UPGRADING to +0 cloak.
  1879 | D:2      | 1879 ||| UPGRADING to +0 chain mail.
  1889 | D:2      | 1889 ||| DROPPING +0 scale mail.
  1890 | D:2      | 1890 ||| UPGRADING to +0 helmet.
  1899 | D:2      | 1899 ||| UPGRADING to +2 pair of gloves.
  1904 | D:2      | 1904 ||| UPGRADING to +4 ring of evasion.
  1905 | D:2      | 1905 ||| READING scroll labelled MAM EROSOYLITA.
  1906 | D:2      | 1906 ||| DRINKING 2 fizzy blue potions.
  1907 | D:2      | 1907 ||| READING 7 scrolls of identify.
  1907 | D:2      | 1907 ||| IDENTIFYING golden potion
  1908 | D:2      | 1908 ||| READING 6 scrolls of identify.
  1908 | D:2      | 1908 ||| IDENTIFYING fizzy black potion
  1909 | D:2      | 1909 ||| READING 5 scrolls of identify.
  1909 | D:2      | 1909 ||| IDENTIFYING amethyst potion
  1910 | D:2      | 1910 ||| DROPPING potion of degeneration.
  1911 | D:2      | 1911 ||| DROPPING potion of flight.
  1937 | D:3      | 1937 ||| PLANNING SEWER
  2074 | D:3      | 2074 ||| Stepping ~*~*~tactically~*~*~ (stealth).
  2355 | D:3      | Found a glowing drain.
  2381 | D:3      | 2381 ||| READING scroll labelled FURIELURIDI.
  2441 | Sewer    | Entered a sewer
  2443 | Sewer    | 2443 ||| Stepping ~*~*~tactically~*~*~ (stealth).
  2452 | Sewer    | 2452 ||| Stepping ~*~*~tactically~*~*~ (stealth).
  2573 | Sewer    | 2573 ||| Stepping ~*~*~tactically~*~*~ (water).
  2576 | Sewer    | Reached XP level 5. HP: 32/32 MP: 5/5
  2599 | Sewer    | 2599 ||| Stepping ~*~*~tactically~*~*~ (water).
  2676 | Sewer    | 2676 ||| Stepping ~*~*~tactically~*~*~ (stealth).
  2678 | Sewer    | 2678 ||| Stepping ~*~*~tactically~*~*~ (stealth).
  2699 | Sewer    | Noticed a kobold brigand
  2710 | Sewer    | Killed a kobold brigand
  2711 | Sewer    | Reached skill level 5 in Axes
  2813 | Sewer    | 2813 ||| READING 4 scrolls labelled JAKKUCA NUUSIU.
  2814 | Sewer    | 2814 ||| READING scroll labelled RORHARH HUIDD.
  2815 | Sewer    | 2815 ||| READING 5 scrolls of identify.
  2815 | Sewer    | 2815 ||| IDENTIFYING fizzy inky potion
  2816 | Sewer    | 2816 ||| DROPPING 3 scrolls of fog.
  2845 | D:3      | 2845 ||| PLANNING D:1-11
  2922 | D:3      | Found a runed translucent door.
  2924 | D:3      | Noticed qw's ghost (amateur GrFi)
  3326 | D:3      | 3326 ||| Stepping ~*~*~tactically~*~*~ (stealth).
  3338 | D:3      | Reached XP level 6. HP: 32/38 MP: 6/6
  3418 | D:3      | 3418 ||| READING scroll of enchant armour.
  3418 | D:3      | 3418 ||| ENCHANTING +0 helmet.
  3530 | D:4      | Found a staircase to the Ecumenical Temple.
  3531 | D:4      | 3531 ||| PLANNING TEMPLE
  3532 | D:4      | 3532 ||| UPGRADING to +0 plate armour.
  3542 | D:4      | 3542 ||| DROPPING +0 chain mail.
  3545 | Temple   | Entered the Ecumenical Temple
  3650 | Temple   | 3650 ||| PLANNING OKAWARU WORSHIP
  3683 | Temple   | Became a worshipper of Warmaster Okawaru
  3684 | Temple   | 3684 ||| PLANNING D:1-11
  3842 | D:4      | Reached skill level 6 in Axes
  3872 | D:4      | 3872 ||| DROPPING +0 mace.
  3893 | D:4      | 3893 ||| Stepping ~*~*~tactically~*~*~ (stealth).
  4111 | D:4      | 4111 ||| Stepping ~*~*~tactically~*~*~ (stealth).
  4112 | D:4      | 4112 ||| Stepping ~*~*~tactically~*~*~ (stealth).
  4122 | D:4      | Reached XP level 7. HP: 43/43 MP: 7/7
  4206 | D:4      | Found a sparkling altar of Nemelex Xobeh.
  4438 | D:4      | 4438 ||| READING scroll labelled NATEEVU ADODGH.
  4460 | D:5      | Entered Level 5 of the Dungeon
  4582 | D:5      | 4582 ||| Stepping ~*~*~tactically~*~*~ (hiding).
  4585 | D:5      | 4585 ||| FLEEEEING.
  4586 | D:5      | 4586 ||| FLEEEEING.
  4587 | D:5      | 4587 ||| FLEEEEING.
  4588 | D:5      | 4588 ||| FLEEEEING.
  4589 | D:5      | 4589 ||| FLEEEEING.
  4590 | D:5      | 4590 ||| FLEEEEING.
  4591 | D:5      | 4591 ||| FLEEEEING.
  4594 | D:5      | 4594 ||| FLEEEEING.
  4597 | D:5      | 4597 ||| FLEEEEING.
  4600 | D:5      | 4600 ||| FLEEEEING.
  4601 | D:5      | 4601 ||| FLEEEEING.
  4602 | D:5      | 4602 ||| FLEEEEING.
  4605 | D:5      | 4605 ||| STAIRDANCE
  4693 | D:4      | 4693 ||| READING 8 scrolls of identify.
  4693 | D:4      | 4693 ||| IDENTIFYING black potion
  4698 | D:5      | 4698 ||| STAIRDANCE
  4708 | D:5      | 4708 ||| STAIRDANCE
  4763 | D:5      | 4763 ||| STAIRDANCE
  4912 | D:5      | Reached skill level 1 in Throwing
  5053 | D:5      | Reached skill level 7 in Axes
  5164 | D:5      | Found Yrekhlotu's Elemental Accessories.
  5384 | D:5      | Reached XP level 8. HP: 46/49 MP: 8/8
  5392 | D:5      | Reached * piety under Okawaru
  5508 | D:5      | Reached skill level 1 in Dodging
  5529 | D:5      | Reached skill level 1 in Invocations
  5691 | D:5      | 5691 ||| READING 7 scrolls of identify.
  5691 | D:5      | 5691 ||| IDENTIFYING bubbling orange potion
  5692 | D:5      | 5692 ||| DROPPING potion of berserk rage.
  5728 | D:6      | 5728 ||| INVOKING Heroism.
  5750 | D:6      | Found a radiant altar of Vehumet.
  5755 | D:6      | Found a shimmering blue altar of Sif Muna.
  5755 | D:6      | Found an opulent altar of Gozag.
  5759 | D:6      | Found a shadowy altar of Dithmenos.
  5794 | D:6      | Reached skill level 3 in Invocations
  5849 | D:6      | 5849 ||| Stepping ~*~*~tactically~*~*~ (stealth).
  5850 | D:6      | 5850 ||| Stepping ~*~*~tactically~*~*~ (stealth).
  5854 | D:6      | 5854 ||| Stepping ~*~*~tactically~*~*~ (hiding).
  5860 | D:6      | 5860 ||| INVOKING Heroism.
  5881 | D:6      | 5881 ||| Stepping ~*~*~tactically~*~*~ (hiding).
  5882 | D:6      | 5882 ||| INVOKING Heroism.
  5887 | D:6      | 5887 ||| Stepping ~*~*~tactically~*~*~ (stealth).
  5888 | D:6      | 5888 ||| Stepping ~*~*~tactically~*~*~ (stealth).
  6223 | D:6      | 6223 ||| Stepping ~*~*~tactically~*~*~ (hiding).
  6226 | D:6      | 6226 ||| Stepping ~*~*~tactically~*~*~ (hiding).
  6291 | D:6      | 6291 ||| Stepping ~*~*~tactically~*~*~ (stealth).
  6294 | D:6      | 6294 ||| Stepping ~*~*~tactically~*~*~ (stealth).
  6301 | D:6      | 6301 ||| Stepping ~*~*~tactically~*~*~ (hiding).
  6472 | D:6      | 6472 ||| READING 2 scrolls labelled ASUBRE EBIZANA.
  6473 | D:6      | 6473 ||| READING 9 scrolls of identify.
  6473 | D:6      | 6473 ||| IDENTIFYING red potion
  6474 | D:6      | 6474 ||| READING 8 scrolls of identify.
  6474 | D:6      | 6474 ||| IDENTIFYING dark potion
  6475 | D:6      | 6475 ||| DROPPING potion of ambrosia.
  6476 | D:6      | 6476 ||| DROPPING scroll of amnesia.
  6513 | D:7      | Found Carei's Weapon Shop.
  6514 | D:7      | 6514 ||| INVOKING Heroism.
  6515 | D:7      | 6515 ||| STAIRDANCE
  6533 | D:7      | 6533 ||| STAIRDANCE
  6535 | D:6      | 6535 ||| INVOKING Heroism.
  6540 | D:6      | Reached ** piety under Okawaru
  6541 | D:6      | Reached skill level 8 in Axes
  6542 | D:6      | Reached XP level 9. HP: 16/54 MP: 9/12
  6754 | D:7      | 6754 ||| STAIRDANCE
  6758 | D:6      | Reached skill level 6 in Fighting
  6777 | D:7      | 6777 ||| SHOPLISTING +8 morningstar of draining (688 gold,
                  | have 310).
  6813 | D:7      | 6813 ||| Stepping ~*~*~tactically~*~*~ (hiding).
  6825 | D:7      | 6825 ||| Stepping ~*~*~tactically~*~*~ (hiding).
  6833 | D:7      | 6833 ||| INVOKING Heroism.
  6901 | D:7      | Found Byofot's Jewellery Shop.
  6970 | D:7      | Found Xuriv's Magic Scroll Shop.
  7004 | D:7      | 7004 ||| BUYING scroll of brand weapon (123 gold).
  7004 | D:7      | Bought a scroll of brand weapon for 123 gold pieces
  7004 | D:7      | 7004 ||| BUYING scroll of enchant armour (97 gold).
  7004 | D:7      | Bought a scroll of enchant armour for 97 gold pieces
  7004 | D:7      | 7004 ||| BUYING scroll of identify (26 gold).
  7004 | D:7      | Bought a scroll of identify for 26 gold pieces
  7004 | D:7      | 7004 ||| BUYING scroll of identify (26 gold).
  7004 | D:7      | Bought a scroll of identify for 26 gold pieces
  7004 | D:7      | 7004 ||| BUYING scroll of identify (26 gold).
  7004 | D:7      | Bought a scroll of identify for 26 gold pieces
  7004 | D:7      | 7004 ||| BUYING scroll of teleportation (39 gold).
  7004 | D:7      | Bought a scroll of teleportation for 39 gold pieces
  7004 | D:7      | 7004 ||| BUYING scroll of teleportation (39 gold).
  7004 | D:7      | Bought a scroll of teleportation for 39 gold pieces
  7004 | D:7      | 7004 ||| READING scroll of enchant armour.
  7004 | D:7      | 7004 ||| ENCHANTING +1 helmet.
  7022 | D:7      | Found Golalol's Book Emporium.
  7155 | D:7      | 7155 ||| INVOKING Heroism.
  7336 | D:7      | 7336 ||| UPGRADING to +2 cloak.
  7346 | D:7      | 7346 ||| DROPPING +0 cloak.
  7347 | D:7      | 7347 ||| READING scroll labelled XIALAD FUTHRUSM.
  7348 | D:7      | 7348 ||| READING scroll labelled KIUROO LEACLE.
  7374 | D:8      | 7374 ||| INVOKING Heroism.
  7378 | D:8      | Reached skill level 9 in Axes
  7390 | D:8      | Noticed a kobold demonologist
  7393 | D:8      | Noticed a sun demon
  7400 | D:8      | 7400 ||| INVOKING Heroism.
  7401 | D:8      | Killed a kobold demonologist
  7402 | D:8      | Reached skill level 6 in Armour
  7447 | D:8      | 7447 ||| INVOKING Heroism.
  7484 | D:8      | 7484 ||| Stepping ~*~*~tactically~*~*~ (stealth).
  7489 | D:8      | 7489 ||| INVOKING Heroism.
  7493 | D:8      | Noticed Grum
  7500 | D:8      | Killed Grum
  7500 | D:8      | Reached *** piety under Okawaru
  7547 | D:8      | 7547 ||| INVOKING Heroism.
  7557 | D:8      | Reached XP level 10. HP: 63/63 MP: 11/13
  7572 | D:8      | 7572 ||| INVOKING Heroism.
  7623 | D:8      | Noticed Erica
  7624 | D:8      | 7624 ||| Stepping ~*~*~tactically~*~*~ (hiding).
  7628 | D:8      | 7628 ||| INVOKING Heroism.
  7629 | D:8      | Noticed Joseph
  7635 | D:8      | Killed Erica
  7636 | D:8      | Reached skill level 10 in Axes
  7636 | D:8      | 7636 ||| Stepping ~*~*~tactically~*~*~ (hiding).
  7644 | D:8      | Killed Joseph
  7644 | D:8      | Reached **** piety under Okawaru
  7899 | D:8      | 7899 ||| Stepping ~*~*~tactically~*~*~ (hiding).
  7901 | D:8      | 7901 ||| Stepping ~*~*~tactically~*~*~ (hiding).
  7989 | D:8      | Found a flagged portal.
  8206 | D:8      | 8206 ||| READING 12 scrolls of identify.
  8206 | D:8      | 8206 ||| IDENTIFYING purple potion
  8270 | D:7      | 8270 ||| SHOPLISTING +4 ring of protection (504 gold, have
                  | 65).
  8270 | D:7      | 8270 ||| SHOPLISTING amulet of the acrobat (420 gold, have
                  | 65).
  8270 | D:7      | 8270 ||| SHOPLISTING ring of Cikiq {rPois rN+ Str+3} (525
                  | gold, have 65).
  8270 | D:7      | 8270 ||| SHOPLISTING ring of positive energy (280 gold,
                  | have 65).
  8270 | D:7      | 8270 ||| SHOPLISTING ring of resist corrosion (280 gold,
                  | have 65).
  8296 | D:9      | 8296 ||| Stepping ~*~*~tactically~*~*~ (stealth).
  8405 | D:9      | Noticed qw's ghost (novice GrFi)
  8422 | D:9      | 8422 ||| Stepping ~*~*~tactically~*~*~ (stealth).
  8424 | D:9      | Noticed a two-headed ogre
  8426 | D:9      | 8426 ||| INVOKING Heroism.
  8435 | D:9      | Killed a two-headed ogre
  8436 | D:9      | Reached skill level 6 in Invocations
  8473 | D:9      | 8473 ||| INVOKING Heroism.
  8477 | D:9      | Reached ***** piety under Okawaru
  8485 | D:9      | Reached skill level 3 in Throwing
  8486 | D:9      | Reached XP level 11. HP: 63/69 MP: 13/16
  8530 | D:9      | 8530 ||| INVOKING Heroism.
  8610 | D:9      | Identified the +10 trident "Moihonyze" {vorpal, rElec rPois
                  | rF- rN+}
  8727 | D:9      | Found a runed translucent gate.
  8727 | D:9      | Found a runed translucent gate.
  8728 | D:9      | Found a runed translucent gate.
  8948 | D:9      | 8948 ||| FLEEEEING.
  8988 | D:9      | 8988 ||| Stepping ~*~*~tactically~*~*~ (stealth).
  8991 | D:9      | 8991 ||| Stepping ~*~*~tactically~*~*~ (stealth).
  8994 | D:9      | 8994 ||| Stepping ~*~*~tactically~*~*~ (stealth).
  8997 | D:9      | 8997 ||| Stepping ~*~*~tactically~*~*~ (stealth).
  8998 | D:9      | 8998 ||| Stepping ~*~*~tactically~*~*~ (stealth).
  9203 | D:10     | Entered Level 10 of the Dungeon
  9217 | D:10     | 9217 ||| Stepping ~*~*~tactically~*~*~ (stealth).
  9219 | D:10     | 9219 ||| Stepping ~*~*~tactically~*~*~ (stealth).
  9220 | D:10     | 9220 ||| Stepping ~*~*~tactically~*~*~ (stealth).
  9223 | D:10     | 9223 ||| INVOKING Heroism.
  9234 | D:10     | Identified the +1 chain mail of Death's Door {+Inv rN+
                  | rCorr} (Okawaru gifted it to you on level 10 of the
                  | Dungeon)
  9234 | D:10     | Received a gift from Okawaru
  9368 | D:10     | 9368 ||| INVOKING Heroism.
  9465 | D:10     | 9465 ||| INVOKING Heroism.
  9469 | D:10     | Found a staircase to the Lair.
  9470 | D:10     | 9470 ||| Stepping ~*~*~tactically~*~*~ (water).
  9523 | D:10     | 9523 ||| INVOKING Heroism.
  9555 | D:10     | Reached skill level 11 in Axes
  9568 | D:10     | 9568 ||| READING scroll of enchant armour.
  9568 | D:10     | 9568 ||| ENCHANTING +0 plate armour.
  9745 | D:10     | 9745 ||| INVOKING Heroism.
  9753 | D:10     | Reached skill level 9 in Invocations
  9824 | D:10     | Found a portal to a secret trove of treasure.
  9851 | D:10     | Noticed a seven-headed hydra
  9852 | D:10     | 9852 ||| INVOKING Heroism.
  9853 | D:10     | 9853 ||| INVOKING Finesse.
  9855 | D:10     | 9855 ||| SWAPPING to +0 morningstar.
  9860 | D:10     | Killed a seven-headed hydra
  9861 | D:10     | 9861 ||| SWAPPING to +0 spectral war axe.
  9929 | D:10     | Noticed a centaur warrior
  9935 | D:10     | 9935 ||| INVOKING Heroism.
  9938 | D:10     | Killed a centaur warrior
 10354 | D:10     | Noticed Josephine
 10355 | D:10     | 10355 ||| Stepping ~*~*~tactically~*~*~ (hiding).
 10356 | D:10     | 10356 ||| Stepping ~*~*~tactically~*~*~ (hiding).
 10366 | D:10     | Killed Josephine
 10372 | D:10     | Reached skill level 9 in Fighting
 10512 | D:10     | 10512 ||| PLANNING LAIR
 10512 | D:10     | 10512 ||| DROPPING amulet of guardian spirit.
 10513 | D:10     | 10513 ||| UPGRADING to +6 ring of strength.
 10515 | D:10     | 10515 ||| DROPPING ring of willpower.
 10516 | D:10     | 10516 ||| DRINKING 2 ruby potions.
 10538 | Lair:1   | Entered Level 1 of the Lair of Beasts
 10547 | Lair:1   | 10547 ||| INVOKING Heroism.
 10555 | Lair:1   | Reached XP level 12. HP: 76/76 MP: 17/19
 10577 | Lair:1   | Identified the +8 great sword of Sequestration {vorpal,
                  | Dex+4} (Okawaru gifted it to you on level 1 of the Lair of
                  | Beasts)
 10577 | Lair:1   | Received a gift from Okawaru
 10661 | Lair:1   | 10661 ||| INVOKING Heroism.
 10677 | Lair:1   | Reached skill level 12 in Axes
 10766 | Lair:1   | 10766 ||| Stepping ~*~*~tactically~*~*~ (hiding).
 10770 | Lair:1   | 10770 ||| INVOKING Heroism.
 10777 | Lair:1   | 10777 ||| Stepping ~*~*~tactically~*~*~ (stealth).
 10795 | Lair:1   | Reached skill level 6 in Shields
 10827 | Lair:1   | 10827 ||| INVOKING Heroism.
 10993 | Lair:1   | Reached skill level 9 in Armour
 11120 | Lair:1   | 11120 ||| INVOKING Heroism.
 11121 | Lair:1   | 11121 ||| Stepping ~*~*~tactically~*~*~ (stealth).
 11126 | Lair:1   | Received a gift from Okawaru
 11216 | Lair:1   | 11216 ||| INVOKING Heroism.
 11220 | Lair:1   | 11220 ||| Stepping ~*~*~tactically~*~*~ (stealth).
 11221 | Lair:1   | 11221 ||| Stepping ~*~*~tactically~*~*~ (stealth).
 11311 | Lair:1   | Identified the +1 dagger "Winim" {holy, Int+5}
 11352 | Lair:1   | 11352 ||| SWAPPING to +0 broad axe.
 11355 | Lair:1   | 11355 ||| DROPPING +0 spectral war axe.
 11356 | Lair:1   | 11356 ||| READING scroll of brand weapon.
 11356 | Lair:1   | 11356 ||| BRANDING +0 broad axe.
 11494 | Lair:1   | 11494 ||| Stepping ~*~*~tactically~*~*~ (stealth).
 11497 | Lair:1   | 11497 ||| Stepping ~*~*~tactically~*~*~ (stealth).
 11503 | Lair:1   | 11503 ||| Stepping ~*~*~tactically~*~*~ (stealth).
 11532 | Lair:1   | 11532 ||| INVOKING Heroism.
 11539 | Lair:1   | Reached skill level 13 in Axes
 11539 | Lair:1   | Reached XP level 13. HP: 58/82 MP: 17/20
 11652 | Lair:1   | 11652 ||| Stepping ~*~*~tactically~*~*~ (stealth).
 11822 | Lair:1   | Reached ****** piety under Okawaru
 11915 | Lair:1   | Identified the +7 war axe of Arys {distort, rElec MP+9}
                  | (Okawaru gifted it to you on level 1 of the Lair of Beasts)
 11915 | Lair:1   | Received a gift from Okawaru
 11917 | Lair:1   | 11917 ||| DROPPING +7 war axe of Arys {distort, rElec
                  | MP+9}.
 12031 | Lair:1   | 12031 ||| DROPPING +1 pair of gloves.
 12092 | Lair:2   | Found a staircase to the Swamp.
 12217 | Lair:2   | 12217 ||| Stepping ~*~*~tactically~*~*~ (stealth).
 12219 | Lair:2   | 12219 ||| Stepping ~*~*~tactically~*~*~ (stealth).
 12224 | Lair:2   | 12224 ||| INVOKING Heroism.
 12271 | Lair:2   | 12271 ||| Stepping ~*~*~tactically~*~*~ (hiding).
 12410 | Lair:2   | 12410 ||| Stepping ~*~*~tactically~*~*~ (stealth).
 12411 | Lair:2   | 12411 ||| Stepping ~*~*~tactically~*~*~ (stealth).
 12421 | Lair:2   | 12421 ||| Stepping ~*~*~tactically~*~*~ (stealth).
 12505 | Lair:2   | 12505 ||| INVOKING Heroism.
 12506 | Lair:2   | 12506 ||| INVOKING Finesse.
 12508 | Lair:2   | 12508 ||| SWAPPING to +0 morningstar.
 12515 | Lair:2   | 12515 ||| SWAPPING to +0 broad axe of freezing.
 12812 | Lair:3   | 12812 ||| INVOKING Heroism.
 12813 | Lair:3   | 12813 ||| INVOKING Finesse.
 12814 | Lair:3   | 12814 ||| STAIRDANCE
 12862 | Lair:3   | 12862 ||| STAIRDANCE
 12864 | Lair:2   | 12864 ||| INVOKING Finesse.
 12873 | Lair:2   | 12873 ||| INVOKING Heroism.
 13143 | Lair:3   | 13143 ||| INVOKING Heroism.
 13144 | Lair:3   | 13144 ||| INVOKING Finesse.
 13449 | Lair:3   | 13449 ||| Stepping ~*~*~tactically~*~*~ (stealth).
 13450 | Lair:3   | 13450 ||| INVOKING Heroism.
 13458 | Lair:3   | 13458 ||| Stepping ~*~*~tactically~*~*~ (stealth).
 13460 | Lair:3   | Reached skill level 14 in Axes
 13474 | Lair:3   | Received a gift from Okawaru
 13477 | Lair:3   | 13477 ||| INVOKING Heroism.
 13487 | Lair:3   | 13487 ||| FLEEEEING.
 13488 | Lair:3   | 13488 ||| FLEEEEING.
 13489 | Lair:3   | 13489 ||| FLEEEEING.
 13490 | Lair:3   | 13490 ||| FLEEEEING.
 13491 | Lair:3   | 13491 ||| FLEEEEING.
 13492 | Lair:3   | 13492 ||| FLEEEEING.
 13496 | Lair:3   | 13496 ||| Stepping ~*~*~tactically~*~*~ (hiding).
 13505 | Lair:3   | 13505 ||| INVOKING Heroism.
 13702 | Lair:3   | 13702 ||| Stepping ~*~*~tactically~*~*~ (hiding).
 13703 | Lair:3   | 13703 ||| Stepping ~*~*~tactically~*~*~ (hiding).
 13790 | Lair:3   | 13790 ||| Stepping ~*~*~tactically~*~*~ (stealth).
 13791 | Lair:3   | 13791 ||| Stepping ~*~*~tactically~*~*~ (stealth).
 13793 | Lair:3   | 13793 ||| Stepping ~*~*~tactically~*~*~ (hiding).
 13795 | Lair:3   | 13795 ||| Stepping ~*~*~tactically~*~*~ (hiding).
 13808 | Lair:3   | 13808 ||| INVOKING Heroism.
 13904 | Lair:3   | Found a staircase to the Snake Pit.
 14080 | Lair:3   | 14080 ||| INVOKING Heroism.
 14081 | Lair:3   | 14081 ||| INVOKING Finesse.
 14083 | Lair:3   | 14083 ||| SWAPPING to +0 morningstar.
 14097 | Lair:3   | Identified the +1 pair of gloves of the Slorg {Int+4}
                  | (Okawaru gifted it to you on level 3 of the Lair of Beasts)
 14097 | Lair:3   | Received a gift from Okawaru
 14098 | Lair:3   | 14098 ||| SWAPPING to +0 broad axe of freezing.
 14243 | Lair:3   | 14243 ||| INVOKING Heroism.
 14555 | Lair:3   | 14555 ||| DROPPING +1 pair of gloves of the Slorg {Int+4}.
 14590 | Lair:4   | 14590 ||| STAIRDANCE
 14638 | Lair:4   | 14638 ||| STAIRDANCE
 14654 | Lair:4   | 14654 ||| STAIRDANCE
 14656 | Lair:3   | 14656 ||| INVOKING Heroism.
 14788 | Lair:4   | 14788 ||| INVOKING Heroism.
 14789 | Lair:4   | 14789 ||| Stepping ~*~*~tactically~*~*~ (stealth).
 14855 | Lair:4   | 14855 ||| INVOKING Heroism.
 15096 | Lair:4   | 15096 ||| Stepping ~*~*~tactically~*~*~ (stealth).
 15186 | Lair:4   | Found a staircase to the Slime Pits.
 15188 | Lair:4   | Found a viscous altar of Jiyva.
 15195 | Lair:4   | 15195 ||| INVOKING Heroism.
 15198 | Lair:4   | 15198 ||| Stepping ~*~*~tactically~*~*~ (stealth).
 15200 | Lair:4   | 15200 ||| Stepping ~*~*~tactically~*~*~ (stealth).
 15204 | Lair:4   | 15204 ||| Stepping ~*~*~tactically~*~*~ (stealth).
 15205 | Lair:4   | 15205 ||| Stepping ~*~*~tactically~*~*~ (stealth).
 15209 | Lair:4   | Gained mutation: Your large and strong wings let you fly.
                  | [Gargoyle growth]
 15209 | Lair:4   | Reached XP level 14. HP: 90/90 MP: 21/21
 15225 | Lair:4   | Reached skill level 15 in Axes
 15457 | Lair:4   | 15457 ||| Stepping ~*~*~tactically~*~*~ (stealth).
 15460 | Lair:4   | 15460 ||| Stepping ~*~*~tactically~*~*~ (stealth).
 15471 | Lair:4   | 15471 ||| Stepping ~*~*~tactically~*~*~ (stealth).
 15473 | Lair:4   | 15473 ||| Stepping ~*~*~tactically~*~*~ (stealth).
 15477 | Lair:4   | 15477 ||| Stepping ~*~*~tactically~*~*~ (stealth).
 15479 | Lair:4   | 15479 ||| Stepping ~*~*~tactically~*~*~ (stealth).
 15482 | Lair:4   | 15482 ||| INVOKING Heroism.
 15483 | Lair:4   | 15483 ||| Stepping ~*~*~tactically~*~*~ (stealth).
 15485 | Lair:4   | 15485 ||| Stepping ~*~*~tactically~*~*~ (stealth).
 15490 | Lair:4   | 15490 ||| Stepping ~*~*~tactically~*~*~ (stealth).
 15491 | Lair:4   | 15491 ||| Stepping ~*~*~tactically~*~*~ (stealth).
 15578 | Lair:4   | 15578 ||| Stepping ~*~*~tactically~*~*~ (stealth).
 15942 | Lair:4   | 15942 ||| READING scroll labelled QITHIA QAIN.
 15958 | Lair:5   | Entered Level 5 of the Lair of Beasts
 15959 | Lair:5   | 15959 ||| INVOKING Heroism.
 15963 | Lair:5   | 15963 ||| STAIRDANCE
 15979 | Lair:5   | 15979 ||| STAIRDANCE
 16036 | Lair:5   | 16036 ||| STAIRDANCE
 16063 | Lair:5   | 16063 ||| INVOKING Heroism.
 16068 | Lair:5   | Received a gift from Okawaru
 16181 | Lair:5   | Noticed a dire elephant
 16181 | Lair:5   | Noticed a dire elephant
 16181 | Lair:5   | Noticed a dire elephant
 16182 | Lair:5   | 16182 ||| INVOKING Heroism.
 16187 | Lair:5   | Noticed a dire elephant
 16191 | Lair:5   | Killed a dire elephant
 16192 | Lair:5   | Reached skill level 12 in Fighting
 16334 | Lair:5   | 16334 ||| INVOKING Heroism.
 16335 | Lair:5   | 16335 ||| INVOKING Finesse.
 16337 | Lair:5   | 16337 ||| Stepping ~*~*~tactically~*~*~ (stealth).
 16365 | Lair:5   | Reached skill level 3 in Dodging
 16416 | Lair:5   | 16416 ||| INVOKING Heroism.
 16478 | Lair:5   | 16478 ||| INVOKING Heroism.
 16479 | Lair:5   | 16479 ||| INVOKING Finesse.
 16561 | Lair:5   | 16561 ||| INVOKING Heroism.
 16785 | Lair:5   | 16785 ||| Stepping ~*~*~tactically~*~*~ (hiding).
 16786 | Lair:5   | 16786 ||| INVOKING Heroism.
 16797 | Lair:5   | Killed a dire elephant
 16809 | Lair:5   | Killed a dire elephant
 16813 | Lair:5   | Killed a dire elephant
 16819 | Lair:5   | HP: 23/92 [constriction (2)]
 16820 | Lair:5   | 16820 ||| READING 4 scrolls of teleportation.
 16821 | Lair:5   | 16821 ||| DRINKING 2 potions of heal wounds.
 17058 | Lair:5   | 17058 ||| INVOKING Heroism.
 17059 | Lair:5   | 17059 ||| INVOKING Finesse.
 17078 | Lair:5   | Identified the +5 hand axe "Newtslayer" {spect, rPois
                  | Int+3} (Okawaru gifted it to you on level 5 of the Lair of
                  | Beasts)
 17078 | Lair:5   | Received a gift from Okawaru
 17089 | Lair:5   | Reached skill level 16 in Axes
 17326 | Lair:5   | 17326 ||| Stepping ~*~*~tactically~*~*~ (hiding).
 17343 | Lair:5   | 17343 ||| FLEEEEING.
 17344 | Lair:5   | 17344 ||| FLEEEEING.
 17345 | Lair:5   | 17345 ||| FLEEEEING.
 17346 | Lair:5   | 17346 ||| FLEEEEING.
 17347 | Lair:5   | 17347 ||| FLEEEEING.
 17348 | Lair:5   | 17348 ||| FLEEEEING.
 17352 | Lair:5   | 17352 ||| FLEEEEING.
 17353 | Lair:5   | 17353 ||| FLEEEEING.
 17364 | Lair:5   | 17364 ||| STAIRDANCE
 17407 | Lair:4   | 17407 ||| READING 15 scrolls of identify.
 17407 | Lair:4   | 17407 ||| IDENTIFYING sedimented golden potion
 17451 | Lair:5   | 17451 ||| Stepping ~*~*~tactically~*~*~ (hiding).
 17681 | Lair:5   | 17681 ||| Stepping ~*~*~tactically~*~*~ (stealth).
 17682 | Lair:5   | 17682 ||| Stepping ~*~*~tactically~*~*~ (stealth).
 17683 | Lair:5   | 17683 ||| INVOKING Heroism.
 17686 | Lair:5   | 17686 ||| Stepping ~*~*~tactically~*~*~ (stealth).
 17836 | Lair:5   | 17836 ||| INVOKING Heroism.
 17837 | Lair:5   | 17837 ||| INVOKING Finesse.
 17845 | Lair:5   | Reached XP level 15. HP: 93/96 MP: 14/22
 18068 | Lair:5   | 18068 ||| INVOKING Heroism.
 18255 | Lair:5   | 18255 ||| Stepping ~*~*~tactically~*~*~ (hiding).
 18259 | Lair:5   | 18259 ||| INVOKING Heroism.
 18272 | Lair:5   | Received a gift from Okawaru
 18273 | Lair:5   | Reached skill level 6 in Throwing
 18318 | Lair:5   | Identified the ring "Jauzinoru" {MP+9 Int+5 Dex+2}
 18413 | Lair:5   | 18413 ||| PLANNING D:1-11
 18413 | Lair:5   | 18413 ||| DROPPING ring "Jauzinoru" {MP+9 Int+5 Dex+2}.
 18570 | D:11     | Found a hide-covered altar of Uskayaw.
 18578 | D:11     | 18578 ||| Stepping randomly (disturbance).
 18718 | D:11     | 18718 ||| INVOKING Heroism.
 18833 | D:11     | 18833 ||| DRINKING 2 potions of curing.
 18833 | D:11     | 18833 ||| (to cure confusion)
 18875 | D:11     | 18875 ||| Stepping ~*~*~tactically~*~*~ (stealth).
 18876 | D:11     | 18876 ||| Stepping ~*~*~tactically~*~*~ (stealth).
 18877 | D:11     | 18877 ||| Stepping ~*~*~tactically~*~*~ (stealth).
 19168 | D:11     | Noticed Nergalle
 19173 | D:11     | 19173 ||| INVOKING Heroism.
 19183 | D:11     | Killed Nergalle
 19469 | D:11     | 19469 ||| PLANNING D
 19490 | D:12     | 19490 ||| Stepping ~*~*~tactically~*~*~ (stealth).
 19544 | D:12     | 19544 ||| INVOKING Heroism.
 19785 | D:12     | Identified the +6 chain mail of Iza Vepn {rPois rC++ Int-3
                  | Dex+2} (Okawaru gifted it to you on level 12 of the
                  | Dungeon)
 19785 | D:12     | Received a gift from Okawaru
 19938 | D:12     | 19938 ||| Stepping ~*~*~tactically~*~*~ (hiding).
 19947 | D:12     | 19947 ||| Stepping ~*~*~tactically~*~*~ (stealth).
 19950 | D:12     | Found a staircase to the Orcish Mines.
 19951 | D:12     | 19951 ||| INVOKING Heroism.
 20197 | D:12     | Found Luulo's Assorted Antiques.
 20202 | D:12     | 20202 ||| BUYING potion of curing (63 gold).
 20202 | D:12     | Bought a potion of curing for 63 gold pieces
 20202 | D:12     | 20202 ||| BUYING scroll of enchant weapon (157 gold).
 20202 | D:12     | Bought a scroll of enchant weapon for 157 gold pieces
 20202 | D:12     | 20202 ||| READING scroll of enchant weapon.
 20202 | D:12     | 20202 ||| ENCHANTING +0 broad axe of freezing.
 20302 | D:12     | 20302 ||| INVOKING Heroism.
 20377 | D:12     | 20377 ||| UPGRADING to +6 chain mail of Iza Vepn {rPois
                  | rC++ Int-3 Dex+2}.
 20387 | D:12     | 20387 ||| DROPPING +1 plate armour.
 20388 | D:12     | 20388 ||| UPGRADING to ring of see invisible.
 20448 | D:13     | 20448 ||| INVOKING Heroism.
 20454 | D:13     | HP: 12/96 [rakshasa/lance of force (28)]
 20455 | D:13     | 20455 ||| READING 5 scrolls of teleportation.
 20455 | D:13     | Killed from afar by a rakshasa

Levels and vault maps discovered:
D:1:      evilmike_arrival_plus, layout_loops_ring, serial_shops, shop,
          serial_bayou_pond_d, kennysheep_pointless_box
D:2:      layout_loops_ring
D:3:      layout_basic, ebering_ghost_reflecting_pool, gup_sewer_entry_bubbles
D:4:      layout_cave_pods, nemelex_xobeh_ov_fountains_minmay,
          minmay_temple_entry_proselytizer
D:5:      layout_basic, nicolae_elemental_shop
D:6:      layout_cave_pools, minitemple, kennysheep_generic_room_2
D:7:      layout_rooms, serial_shops, nicolae_shop_bloodbath_and_beyond,
          shop_fountains, shop, nicolae_take_the_stairs
D:8:      layout_loops_ring, enter_bailey_2, uniq_grum, uniq_joseph, uniq_erica
D:9:      layout_irregular_city, gammafunk_ghost_icy, abandoned_shop
D:10:     layout_gridville, erik_lair_island, enter_trove_6, st_stairs_13,
          uniq_josephine
D:11:     minmay_cornered_nines, layout_irregular_city, dancing_weapons_uskayaw,
          uniq_nergalle
D:12:     layout_stronghold, erik_orc_1, serial_shops, shop
D:13:     layout_gridville, hangedman_vaults_entry_quadrant_bands,
          portal_ice_cave_entry_animals_and_master, disabler_island,
          uniq_jorgrun
Temple:   minmay_crystal_spiral_temple
Lair:1:   layout_roguey, st_stairs_9, worms_lemuel
Lair:2:   layout_gridlike, swamp_mist_pool, grunt_megastairs_5
Lair:3:   layout_cave_pods, minmay_snake_entry_guardpost_small, serial_forest,
          infiniplex_forest_join, infiniplex_forest_lined_room_3,
          infiniplex_forest_clump_double, infiniplex_forest_end_3,
          infiniplex_forest_side_room, infiniplex_forest_lined_room_2,
          infiniplex_forest_corner_2, infiniplex_forest_lined_3
Lair:4:   layout_gridlike, slime_entry_1, st_stairs_5
Lair:5:   due_jungle_book, layout_gridlike, grunt_megastairs_3,
          serial_bayou_shore_a, infiniplex_staircase_pool

Skill      XL: |  1  2  3  4  5  6  7  8  9 10 11 12 13 14 15 |
---------------+----------------------------------------------+-----
Axes           | 2 3 4 5 6 7 8 9 10 11 13 14 16 | 16.8
Fighting       | 4 5 7 8 9 10 11 12 | 12.1
Armour         | 4 5 6 7 8 9 10 11 | 11.0
Throwing       | 1 2 3 4 5 7 |  7.0
Dodging        | 1 2 3 |  3.0
Invocations    | 4 7 10 | 10.0
Shields        | 4 5 6 7 8 |  8.0

Action                   |  1- 3 |  4- 6 |  7- 9 | 10-12 | 13-15 || total
-------------------------+-------+-------+-------+-------+-------++-------
Melee: War axe           |    77 |   124 |   185 |   301 |       ||   687
       Morningstar       |       |       |       |     4 |    16 ||    20
       Broad axe         |       |       |       |    38 |   751 ||   789
Throw: Boomerang         |       |    10 |    29 |     4 |    11 ||    54
       Javelin           |       |       |    14 |    58 |   104 ||   176
Invok: Heroism           |       |       |    12 |    19 |    35 ||    66
       Finesse           |       |       |       |     1 |     9 ||    10
  Use: Scroll            |     5 |     9 |     9 |     3 |     5 ||    31
       Potion            |     1 |     1 |       |     1 |     2 ||     5
 Stab: Distracted        |       |       |     1 |     2 |       ||     3
Armor: Scale mail        |    24 |     8 |       |       |       ||    32
       Chain mail        |       |    20 |       |       |     6 ||    26
       Plate armour      |       |    10 |   116 |   140 |   389 ||   655
Dodge: Dodged            |    22 |    41 |    90 |    99 |   321 ||   573
Block: Buckler           |    11 |    16 |    29 |    56 |   178 ||   290

Table legend:
 A = Non-vault XP
 B = Vault XP
 C = Vault XP percentage of total XP
 D = Non-vault monster count
 E = Vault monster count
 F = Vault count percentage of total count
                 A         B        C        D         E       F
            +---------+---------+-------+---------+---------+-------
      Total |   77866 |   25188 |  24.4 |     412 |     114 |  21.7
            +---------+---------+-------+---------+---------+-------
        D:1 |      52 |       0 |   0.0 |      24 |       0 |   0.0
        D:2 |      68 |       0 |   0.0 |      17 |       0 |   0.0
        D:3 |      70 |      11 |  13.6 |      13 |       7 |  35.0
        D:4 |     440 |      43 |   8.9 |      15 |       1 |   6.2
        D:5 |     570 |       0 |   0.0 |      17 |       0 |   0.0
        D:6 |    1212 |      25 |   2.0 |      32 |       2 |   5.9
        D:7 |     519 |       0 |   0.0 |      15 |       0 |   0.0
        D:8 |    1414 |    1902 |  57.4 |      18 |       7 |  28.0
        D:9 |    4234 |       0 |   0.0 |      28 |       0 |   0.0
       D:10 |    4804 |    2466 |  33.9 |      27 |      13 |  32.5
       D:11 |    4112 |    1813 |  30.6 |      20 |       4 |  16.7
       D:12 |    4780 |     568 |  10.6 |      19 |      17 |  47.2
     Lair:1 |   14089 |    1082 |   7.1 |      45 |       5 |  10.0
     Lair:2 |    7093 |       0 |   0.0 |      17 |       0 |   0.0
     Lair:3 |    7965 |     649 |   7.5 |      25 |       4 |  13.8
     Lair:4 |   13342 |     923 |   6.5 |      46 |       3 |   6.1
     Lair:5 |   13102 |   15553 |  54.3 |      34 |      33 |  49.3
      Sewer |       0 |     153 | 100.0 |       0 |      18 | 100.0
            +---------+---------+-------+---------+---------+-------
